 Dungeon Crawl Stone Soup version 0.21.1-1-g345015f (webtiles) character file.

125 HammerPanzer the Slasher (level 4, 0/35 HPs)
             Began as a Demonspawn Berserker on Apr 3, 2018.
             Was a Believer of Trog.
             Slain by a gnoll
             ... wielding a +0 halberd
              (7 damage)
             ... on level 3 of the Dungeon.
             The game lasted 00:03:35 (1529 turns).

HammerPanzer the Slasher (Demonspawn Berserker)     Turns: 1529, Time: 00:03:36

Health: 0/35       AC:  5    Str: 18    XL:     4   Next: 82%
Magic:  0/4        EV: 11    Int:  8    God:    Trog [**....]
Gold:   147        SH:  0    Dex: 13    Spells: 3/3 levels left

rFire    . . .     SeeInvis .   h - +0 long sword
rCold    . . .     Gourm    .   (no shield)
rNeg     . . .     Faith    .   d - +0 ring mail
rPois    .         Spirit   +   (no helmet)
rElec    .         Reflect  .   (no cloak)
rCorr    .         Harm     .   (no gloves)
MR       .....                  (no boots)
Stlth    ..........             (no amulet)
HPRegen  0.11/turn              (no ring)
MPRegen  0.09/turn              (no ring)

@: berserk cooldown, slowed, very slow
A: hooves 1, magic shield
a: Berserk, Trog's Hand, Burn Spellbooks, Renounce Religion


You were on level 3 of the Dungeon.
You worshipped Trog.
Trog was pleased with you.
You were very hungry.

You visited 1 branch of the dungeon, and saw 3 of its levels.

You collected 147 gold pieces.

Inventory:

Hand Weapons
 h - a +0 long sword (weapon)
Armour
 d - a +0 ring mail (worn)
Scrolls
 b - a scroll of teleportation
 e - 2 scrolls of identify
 f - 2 scrolls of fog {unknown}
Potions
 g - a potion of might {unknown}
Comestibles
 a - a chunk of flesh
 c - 3 rations


   Skills:
 + Level 3.5 Fighting
 * Level 4.8 Long Blades
 - Level 1.7 Armour
 - Level 1.7 Dodging
 + Level 0.1 Stealth


You had 3 spell levels left.
You didn't know any spells.

Dungeon Overview and Level Annotations

Branches:
Dungeon (3/15)

Altars:
Ashenzari


Innate Abilities, Weirdness & Mutations

You have large cloven feet.
When hurt, damage is shared between your health and your magic reserves.


Message History

You kill the bat!
Trog accepts your kill. The gnoll barely misses you.
The gnoll closely misses you. The gnoll hits you with a whip.
Your ring mail prevents you from hitting the gnoll.
The gnoll barely misses you. The gnoll hits you with a whip.
The gnoll hits you but does no damage. The gnoll closely misses you.
You closely miss the gnoll. The gnoll closely misses you. x2
The gnoll hits you with a whip!
You barely miss the gnoll. Your kick misses the gnoll.
The gnoll barely misses you. The gnoll hits you with a whip.
You hit the gnoll.
The gnoll is moderately wounded.
The gnoll barely misses you. The gnoll hits you with a whip!
The gnoll hits you with a whip.
* * * LOW HITPOINT WARNING * * *
The gnoll closely misses you. The gnoll barely misses you.
The gnoll hits you from afar with a halberd!
You die...

# ###. ..... ....
.##...###### #..#
.......rgg.# #..#
.......g##@# #..#
####....##.####).###
#.#...........#.# #.
#.#####.#......#
###.... #
#..........###.......
.............#.#
##.###.....##.## #.
##...###.######## #
##.###..........


You could see 2 gnolls and a rat.

Vanquished Creatures
  Ijyb (D:3)
  3 adders (D:2)
  An ooze (D:3)
  2 worms (D:2)
  2 dart slugs (D:2)
  An orc (D:3)
  4 bats
  3 giant cockroaches
  6 goblins
  7 hobgoblins
  7 jackals (D:2)
  3 kobolds
  2 quokkas (D:2)
  3 frilled lizards (D:1)
  11 rats
56 creatures vanquished.

Notes
Turn   | Place    | Note
-------+----------+-------------------------------------------
     0 | D:1      | HammerPanzer the Demonspawn Berserker began the quest for the Orb.
     0 | D:1      | Reached XP level 1. HP: 18/18 MP: 1/1
   140 | D:1      | Reached skill level 3 in Long Blades
   226 | D:1      | Found a shattered altar of Ashenzari.
   268 | D:1      | Gained mutation: When hurt, damage is shared between your health and your magic reserves. [demonic ancestry]
   268 | D:1      | Reached XP level 2. HP: 24/24 MP: 2/2
   727 | D:2      | Reached ** piety under Trog
   730 | D:2      | Gained mutation: You have large cloven feet. [demonic ancestry]
   730 | D:2      | Reached XP level 3. HP: 27/29 MP: 3/3
   939 | D:2      | Reached skill level 4 in Long Blades
   944 | D:2      | Reached XP level 4. HP: 25/35 MP: 2/4
  1494 | D:3      | Noticed Ijyb
  1510 | D:3      | Killed Ijyb
  1529 | D:3      | Slain by a gnoll

Skill      XL: |  1  2  3 |
---------------+----------+-----
Long Blades    | 3 4 |  4.8
Fighting       | |  3.5
Armour         | |  1.7
Dodging        | |  1.7
Stealth        | |  0.1

Action                   |  1- 3 |  4- 6 || total
-------------------------+-------+-------++-------
Melee: Falchion          |    81 |       ||    81
       Long sword        |    19 |    59 ||    78
       Kick              |    10 |    10 ||    20
Invok: Berserk           |       |     2 ||     2
  Use: Scroll            |     3 |       ||     3
  Eat: Chunk             |       |     3 ||     3
Armor: Ring mail         |    34 |    21 ||    55
Dodge: Dodged            |    66 |    58 ||   124
       Rpst.: Falchion   |    17 |       ||    17
       Long sword        |     3 |    12 ||    15
